 Dungeon Crawl Stone Soup version 0.30.1-9-gdf580d7c3d (webtiles) character file.

Game seed: 13736627668310248661

39 Atelerd the Digger (level 3, 0/21 HPs)
             Began as an Octopode Earth Elementalist on Sept 24, 2023.
             Slain by a gnoll
             ... wielding a +0 club
              (7 damage)
             ... on level 2 of the Dungeon.
             The game lasted 00:00:53 (1197 turns).

Atelerd the Digger (Octopode Earth Elementalist)    Turns: 1197, Time: 00:00:54

Health: 0/21       AC:  1    Str:  7    XL:     3   Next: 47%
Magic:  6/7        EV: 13    Int: 17    God:
Gold:   86         SH:  0    Dex: 14    Spells: 6/7 levels left

rFire   . . .        h - +0 short sword
rCold   . . .        (no shield)
rNeg    . . .        (helmet restricted)
rPois   .            (no amulet)
rElec   .            (no ring)
rCorr   .            (no ring)
SInv    .            (no ring)
Will    .....        (no ring)
Stlth   +++          (no ring)
HPRegen 0.23/turn    (no ring)
MPRegen 0.10/turn    (no ring)
                     (no ring)

%: no passive effects
@: about to teleport
A: almost no armour, amphibious, 8 rings, camouflage 1, gelatinous body 1,
(nimble swimmer 1), tentacles
a: no special abilities


You were on level 2 of the Dungeon.
You visited 1 branch of the dungeon, and saw 2 of its levels.

You collected 86 gold pieces.

Inventory:

Hand Weapons
 h - a +0 short sword (weapon)
Scrolls
 b - a scroll of amnesia {unknown}
 d - 2 scrolls of magic mapping {unknown}
 e - a scroll of immolation {unknown}
 g - a scroll of identify {unknown}
 j - a scroll of enchant armour {unknown}
Potions
 a - a potion of magic
 c - a potion of flight {unknown}
 f - a potion of haste {unknown}
 k - a potion of lignification {unknown}


   Skills:
 - Level 2.0 Dodging
 - Level 2.6 Stealth
 + Level 0.3 Unarmed Combat
 + Level 2.8 Spellcasting
 + Level 1.0 Transmutations
 + Level 3.7 Earth Magic


You had 6 spell levels left.
You knew the following spells:

 Your Spells              Type           Power      Damage    Failure   Level
a - Sandblast             Erth           30%        2d9       3%          1

Your spell library contained the following spells:

 Spells                   Type           Power      Damage    Failure   Level
 Passwall                 Tmut/Erth      8%         N/A       10%         2
 Stone Arrow              Conj/Erth      16%        3d8       26%         3
 Petrify                  Tmut/Erth      10%        N/A       54%         4


Dungeon Overview and Level Annotations

Branches:
Dungeon (2/15)

Altars:


Innate Abilities, Weirdness & Mutations

You cannot wear most types of armour.
You are amphibious.
You can wear up to eight rings at the same time.
Your skin changes colour to match your surroundings (Stealth+).
Your rubbery body absorbs attacks. (AC +1, EV +1)
((You are camouflaged when in or above water. (Stealth+)))
You have tentacles for arms and can constrict up to eight enemies at once.


Message History

An endoplasm comes into view.
Found a bloodstained robe.
There is an open door here.
You can't see any susceptible monsters within range! (Use Z to cast anyway.)
An endoplasm is nearby!
An endoplasm is nearby!
The blast of sand hits the endoplasm.
The endoplasm is almost dead.
The endoplasm quivers.
The blast of sand hits the endoplasm!
You kill the endoplasm!
You see here the +2 robe "Ciletz" {+Blink rF- Dex+8 SInv}.
You open the door.
There is an open door here.
You open the door.
There is an open door here.
As you open the door, it creaks loudly! 4 gnolls come into view.
A gnoll is wielding a +3 halberd of pain.
The gnoll shouts! x3
Found a robe and 8 gold pieces.
Found an escape hatch in the ceiling.
The blast of sand misses the gnoll.
The gnoll shouts!
There are monsters nearby!
Found 5 stones.
The gnoll completely misses you.
There is an open door here.
There are monsters nearby!
You closely miss the gnoll. Your grab misses the gnoll. You squeeze the gnoll.
The gnoll is heavily wounded.
The gnoll hits you with a +0 club! The gnoll hits you with a +0 spear.
* * * LOW HITPOINT WARNING * * *
The gnoll closely misses you.
You are too injured to fight recklessly!
Unknown command.
Okay, then.
Okay, then.
As you read the scroll labelled IGEEQEEMMA, it crumbles to dust.
You feel strangely unstable.
It was a scroll of teleportation.
The gnoll hits you with a +0 club!
You die...

#.......#
########.......#
.......'[......+ .
########.......######.#
#....'.......#.(....#
####.####.......#......#
......# #.......#......#
......######'####gg....#
................@gg..[.#
......######.####...$.##
......# #.# .....<.
......# #.# (....##
......# #.# .....#
......# #.# .....#
........ #.# .....#
...#+### #. ####.# ...#


You could see 4 gnolls.

Vanquished Creatures
  2 dart slugs
  3 endoplasms
  4 giant cockroaches
  4 goblins
  5 hobgoblins
  A ball python (D:1)
  5 bats
  A frilled lizard (D:1)
  2 kobolds
  6 rats
33 creatures vanquished.

Notes
Turn   | Place    | Note
-------+----------+-------------------------------------------
     0 | D:1      | Atelerd the Octopode Earth Elementalist began the quest for
                  | the Orb.
     0 | D:1      | Reached XP level 1. HP: 11/11 MP: 3/3
   147 | D:1      | Reached XP level 2. HP: 17/17 MP: 3/5
   697 | D:1      | Reached XP level 3. HP: 21/21 MP: 4/6
  1181 | D:2      | Identified the +2 robe "Ciletz" {+Blink rF- Dex+8 SInv}
  1197 | D:2      | Slain by a gnoll

Illustrated notes

Levels and vault maps discovered:
D:1:      scummos_arrival_simple_fountains, layout_basic
D:2:      layout_basic, serial_shops, shop

Action                     || total
---------------------------++-------
  Melee: Unarmed           ||    13
         Constrict         ||     7
         Tentacles         ||     7
         Short sword       ||     1
   Cast: Sandblast         ||    35
    Use: Scroll            ||     1
   Stab: Sleeping          ||     1
 Armour: Skin              ||     2
  Dodge: Dodged            ||    12
